 Dungeon Crawl Stone Soup version 0.16-a0-890-g98fc465 (webtiles) character file.

18289 Ololoev the Bludgeoner (level 12, -4/118 HPs)
             Began as an Ogre Hunter on Sept 29, 2014.
             Was a High Priest of Okawaru.
             Slain by a red wasp (shapeshifter) (11 damage)
             ... on Level 13 of the Dungeon.
             The game lasted 01:16:58 (20673 turns).

Ololoev the Bludgeoner (Ogre Hunter)               Turns: 20673, Time: 01:16:58

HP  -4/118       AC  9     Str 20      XL: 12   Next: 56%
MP  21/21        EV 14     Int 13      God: Okawaru [*****.]
Gold 727         SH  0     Dex 14      Spells:  0 memorised, 11 levels left

rFire  + . .     SeeInvis .     m - +0 giant spiked club
rCold  . . .     Clarity  +     d - +0 animal skin
rNeg   . . .     rCorr    .     (shield restricted)
rPois  .         rRot     .     k - +1 hat {Int+3}
rElec  .         Spirit   .     t - +1 cloak
SustAb .         Warding  .     (gloves unavailable)
rMut   .         Stasis   .     (boots unavailable)
Gourm  .                        L - amulet of clarity
MR     +....                    b - +3 ring of protection
                                H - ring of protection from fire

@: lethally poisoned, silence, slowed, very slow, somewhat resistant to hostile
enchantments, extremely unstealthy
A: unfitting armour, tough skin 1
a: no special abilities


You were on level 13 of the Dungeon.
You worshipped Okawaru.
Okawaru was extremely pleased with you.
You were not hungry.

You visited 2 branches of the dungeon, and saw 14 of its levels.
You also visited: Labyrinth and Sewer.

You collected 727 gold pieces.

Inventory:

Hand weapons
 m - a +0 giant spiked club (weapon)
Missiles
 c - 2 throwing nets
 A - 17 large rocks (quivered)
Armour
 d - a +0 animal skin (worn)
 k - a +1 hat of intelligence (worn)
 t - a +1 cloak (worn)
Magical devices
 C - a wand of digging (12)
 G - a wand of disintegration (2)
 J - a wand of digging (12)
 N - a wand of teleportation (6)
Comestibles
 f - 7 meat rations
 h - 7 bread rations
 u - 24 fruits
 z - 2 slices of pizza
 D - a beef jerky
Scrolls
 a - 5 scrolls of remove curse
 e - 2 scrolls of magic mapping
 g - 4 scrolls of enchant weapon
 l - 2 scrolls of enchant armour
 n - 4 scrolls of teleportation
 o - 2 scrolls of immolation
 q - 2 scrolls of identify
 r - a scroll of recharging
 x - 2 scrolls of fog
Jewellery
 b - a +3 ring of protection (right hand)
 p - an uncursed ring of protection from cold
 H - a ring of protection from fire (left hand)
 L - an amulet of clarity (around neck)
Potions
 i - 2 potions of restore abilities
 s - a potion of cancellation
 v - a potion of cure mutation
 w - a potion of heal wounds
Books
 y - a book of Power

   Spells                             Type                      Level
   Fulminant Prism                    Conjuration/Hexes            4
   Iskenderun's Mystic Blast          Conjuration                  4
   Venom Bolt                         Conjuration/Poison           5
   Bolt of Magma                      Conjuration/Fire/Earth       5
   Iron Shot                          Conjuration/Earth            6
   Orb of Destruction                 Conjuration                  7
 B - a book of the Earth

   Spells                             Type                      Level
   Leda's Liquefaction                Hexes/Earth                  4
   Bolt of Magma                      Conjuration/Fire/Earth       5
   Statue Form                        Transmutation/Earth          6
   Iron Shot                          Conjuration/Earth            6
   Shatter                            Earth                        9
 M - a book of Hinderance

   Spells                             Type                      Level
   Confusing Touch                    Hexes                        2
   Confuse                            Hexes                        3
   Petrify                            Transmutation/Earth          4
   Leda's Liquefaction                Hexes/Earth                  4
   Metabolic Englaciation             Hexes/Ice                    5
   Summon Mana Viper                  Hexes/Summoning              5
 O - Lehudib's Guide on Flying Confrontation
   (You found it in a labyrinth)

   Spells                             Type                      Level
   Shock                              Conjuration/Air              1
   Freezing Cloud                     Conjuration/Ice/Air          6
   Conjure Ball Lightning             Conjuration/Air              6
Rods
 F - a +6 rod of shadows (14/14)
   (You found it in a labyrinth)


   Skills:
 + Level 7.5 Fighting
 - Level 17.6 Maces & Flails
 - Level 8.0 Throwing
 + Level 8.9 Dodging
 - Level 0.7 Stealth
 + Level 2.9 Invocations
 + Level 5.6 Evocations


You had 11 spell levels left.
You didn't know any spells.

Dungeon Overview and Level Annotations

Branches:
Dungeon (13/15)            Temple (1/1) D:6             Orc (0/4) D:9
   Lair (0/8) D:10
 Vaults: D:13-14

Altars:
Ashenzari
Cheibriados
Dithmenos
Elyvilon
Fedhas
Gozag
Kikubaaqudgha
Makhleb
Nemelex Xobeh
Okawaru
Qazlal
Ru
Sif Muna
Trog
Vehumet
Xom
Yredelemnul
Zin
The Shining One

Shops:
D:9 %


Innate Abilities, Weirdness & Mutations

You are too large for most types of armour.
You have tough skin (AC +1).


Message History

* * * LOW HITPOINT WARNING * * *
You are more poisoned.
You feel as though you will be slow longer.
The red wasp stings you.
* * * LOW HITPOINT WARNING * * *
You are more poisoned.
You feel as though you will be slow longer.
You can move again.
Drink which item? (? for menu, Esc to quit)
Okay, then.
Read which item? (? for menu, Esc to quit)
As you read the scroll labeled INOZ PROUCS, it crumbles to dust.
A profound silence engulfs you.
It was a scroll of silence.
* * * LOW HITPOINT WARNING * * *
You feel extremely sick. The red wasp stings you!
* * * LOW HITPOINT WARNING * * *
You are more poisoned.
You shrug off the repeated paralysis!
The red wasp stings you!
You die...

.....##)......#.(.
..#####.......#......
.....##...............
####.#.................
# .#.#....##.........
#............(....#
....###.####......#
#..# #.## #.y...#
###.###..###.@..#
####.....#...##...##
.................##
#.##.....##.....##
..##.....##....##
####.....####..# #
#.....# #### # #.....#
# #######


You could see a red wasp.

Vanquished Creatures
  Gastronok (D:9)
  A minotaur (Lab)
  2 tengu warriors (D:13)
  The ghost of Ololoev the Carver, an experienced CeFi (D:7)
  5 hill giants
  2 ugly things (D:12)
  A draconian (shapeshifter) (D:13)
  A komodo dragon (D:11)
  A minotaur zombie (Lab)
  2 ravens (D:13)
  A two-headed ogre (D:11)
  3 deep elf magi
  14 yaks
  3 wyverns
  A hungry ghost (D:10)
  A hill giant skeleton (D:11)
  A soldier ant (D:11)
  Edmund (D:5)
  4 hippogriffs
  2 water moccasins (D:9)
  The ghost of Execuda the Cudgeler, an average OgBe of Trog (D:3)
  3 wandering mushrooms (D:8)
  8 orc warriors
  3 ice beasts
  A sky beast (D:10)
  6 ogres
  4 phantoms
  A yellow wasp (D:8)
  3 centaurs
  7 giant frogs
  2 manticore skeletons (D:10)
  Sigmund (D:4)
  3 big kobolds
  A wyvern zombie (D:9)
  A cyclops zombie (D:13)
  A hippogriff zombie (D:9)
  A scorpion (D:11)
  9 wights
  A hippogriff skeleton (D:9)
  2 oklob saplings (D:8)
  6 crimson imps
  7 orc priests
  3 jellies
  3 giant frog skeletons
  7 hounds
  3 iguanas
  17 orc wizards
  4 worker ants
  A big kobold skeleton (D:6)
  Terence (D:3)
  A mummy (D:8)
  12 adders
  4 gnolls (D:9)
  6 shadow imps
  4 giant mites
  4 worms
  An adder skeleton (D:7)
  A giant eyeball (D:5)
  4 giant geckos
  65 orcs
  19 bats
  8 giant cockroaches
  14 goblins
  11 hobgoblins
  14 jackals
  2 ball pythons
  2 giant newts
  A giant spore (D:11)
  21 kobolds
  8 quokkas
  26 rats
  A rat skeleton (D:4)
  4 ballistomycetes
392 creatures vanquished.

Vanquished Creatures (others)
  An orc (D:11)
  A giant spore (D:7)
  A wandering mushroom (D:8)
  A ballistomycete (D:11)
4 creatures vanquished.

Grand Total: 396 creatures vanquished

Notes
Turn   | Place    | Note
--------------------------------------------------------------
     0 | D:1      | Ololoev, the Ogre Hunter, began the quest for the Orb.
     0 | D:1      | Reached XP level 1. HP: 22/22 MP: 1/1
   117 | D:1      | Reached XP level 2. HP: 26/29 MP: 2/2
  1138 | D:2      | Reached XP level 3. HP: 33/36 MP: 3/3
  1323 | D:2      | Reached skill level 5 in Throwing
  2267 | D:3      | Noticed Execuda's ghost (average OgBe)
  2316 | D:3      | Killed Execuda's ghost
  2316 | D:3      | Reached XP level 4. HP: 12/44 MP: 4/4
  2316 | D:3      | Reached XP level 5. HP: 13/50 MP: 5/5
  2672 | D:3      | Reached skill level 6 in Throwing
  3044 | D:3      | Reached skill level 5 in Maces & Flails
  3055 | D:3      | Found an opulent altar of Gozag.
  3164 | D:3      | Noticed Terence
  3175 | D:3      | Killed Terence
  3182 | D:3      | Reached XP level 6. HP: 40/59 MP: 6/6
  3393 | D:3      | Found a burning altar of Makhleb.
  3733 | D:3      | Found a deep blue altar of Sif Muna.
  4310 | D:4      | Reached skill level 7 in Throwing
  4396 | D:4      | Reached XP level 7. HP: 39/66 MP: 7/7
  4528 | D:4      | Found a glowing drain.
  4551 | Sewer    | Entered a sewer
  5221 | Sewer    | Found a glowing silver altar of Zin.
  5713 | D:4      | Found a radiant altar of Vehumet.
  5976 | D:4      | Noticed Sigmund
  6289 | D:4      | Killed Sigmund
  6289 | D:4      | Reached skill level 8 in Throwing
  6633 | D:4      | Noticed a moth of wrath
  6636 | D:4      | Found a bloodstained altar of Trog.
  6710 | D:4      | Got a shimmering spear
  6711 | D:4      | Identified the cursed -1 spear "Groggeis" {flame, rF++ rC+ Stlth-} (You found it on level 4 of the Dungeon)
  6831 | D:5      | Entered Level 5 of the Dungeon
  6882 | D:5      | Reached XP level 8. HP: 47/75 MP: 8/8
  7027 | D:5      | Found a blossoming altar of Fedhas.
  7326 | D:5      | Paralysed by a giant eyeball for 2 turns
  7501 | D:5      | Noticed Edmund
  7510 | D:5      | Killed Edmund
  7510 | D:5      | Reached skill level 9 in Maces & Flails
  7934 | D:6      | Reached skill level 10 in Maces & Flails
  8464 | D:6      | Found a staircase to the Ecumenical Temple.
  8477 | Temple   | Entered the Ecumenical Temple
  8574 | Temple   | Became a worshipper of Warmaster Okawaru
  8733 | D:6      | Reached skill level 11 in Maces & Flails
  8912 | D:6      | Reached XP level 9. HP: 80/84 MP: 9/9
  9607 | D:7      | Reached skill level 12 in Maces & Flails
  9774 | D:7      | Noticed Ololoev's ghost (experienced CeFi)
  9784 | D:7      | Killed Ololoev's ghost
  9784 | D:7      | Acquired Okawaru's first power
 10031 | D:7      | Reached skill level 13 in Maces & Flails
 11089 | D:8      | Reached XP level 10. HP: 85/92 MP: 10/10
 11127 | D:8      | Reached skill level 14 in Maces & Flails
 11183 | D:8      | Found a sacrificial altar of Ru.
 11543 | D:8      | Noticed a wandering mushroom
 11553 | D:8      | Killed a wandering mushroom
 11553 | D:8      | Reached skill level 5 in Dodging
 11744 | D:8      | Noticed a wandering mushroom
 11766 | D:8      | Killed a wandering mushroom
 11903 | D:8      | Found a blossoming altar of Fedhas.
 11903 | D:8      | Noticed a wandering mushroom
 11903 | D:8      | Noticed a wandering mushroom
 12232 | D:9      | Identified the Papyrus of Kismet
 12982 | D:9      | Found Twyi's Food Emporium.
 12997 | D:9      | Reached skill level 15 in Maces & Flails
 13078 | D:9      | Found a staircase to the Orcish Mines.
 13112 | D:9      | Received a gift from Okawaru
 13894 | D:9      | Noticed Gastronok
 13924 | D:9      | Killed Gastronok
 13924 | D:9      | Reached skill level 16 in Maces & Flails
 13934 | D:9      | Received a gift from Okawaru
 14269 | D:9      | Reached XP level 11. HP: 89/100 MP: 11/11
 14768 | D:9      | Noticed a hill giant
 14773 | D:9      | Killed a hill giant
 14818 | D:10     | Entered Level 10 of the Dungeon
 14824 | D:10     | Received a gift from Okawaru
 15330 | D:10     | Found a staircase to the Lair.
 15412 | D:10     | Reached skill level 17 in Maces & Flails
 15588 | D:8      | Killed a wandering mushroom
 16141 | D:8      | Killed a wandering mushroom
 17020 | D:10     | Acquired Okawaru's second power
 17020 | D:10     | Received a gift from Okawaru
 17458 | D:11     | Found a labyrinth entrance.
 17468 | Lab      | Entered a labyrinth
 17635 | Lab      | Noticed a minotaur
 17647 | Lab      | Killed a minotaur
 17647 | Lab      | Received a gift from Okawaru
 17658 | Lab      | Identified Lehudib's Guide on Flying Confrontation
 17703 | Lab      | HP: 5/100 [minotaur zombie (2)]
 17730 | Lab      | Identified a +6 rod of shadows (14/14) (You found it in a labyrinth)
 18272 | D:11     | Received a gift from Okawaru
 18272 | D:11     | Reached skill level 1 in Evocations
 18782 | D:11     | Noticed a hill giant
 18786 | D:11     | Killed a hill giant
 18786 | D:11     | Reached skill level 5 in Fighting
 18788 | D:11     | Received a gift from Okawaru
 19377 | D:12     | Noticed a hill giant
 19377 | D:12     | Noticed a hill giant
 19382 | D:12     | Killed a hill giant
 19382 | D:12     | Reached XP level 12. HP: 111/113 MP: 18/18
 19386 | D:12     | Killed a hill giant
 19386 | D:12     | Received a gift from Okawaru
 20109 | D:12     | Reached skill level 5 in Evocations
 20171 | D:13     | Reached skill level 1 in Invocations
 20201 | D:13     | Noticed a tengu warrior
 20201 | D:13     | Noticed a tengu warrior
 20216 | D:13     | Killed a tengu warrior
 20231 | D:13     | Killed a tengu warrior
 20669 | D:13     | Paralysed by a red wasp for 4 turns
 20673 | D:13     | Slain by a red wasp (shapeshifter)

Action                   |  1- 3 |  4- 6 |  7- 9 | 10-12 || total
-------------------------+-------+-------+-------+-------++-------
Melee: Club              |    67 |       |       |       ||    67
       Whip              |   114 |   197 |   265 |       ||   576
       Flail             |       |       |   213 |   604 ||   817
       Giant spiked club |       |       |       |   137 ||   137
Throw: Large rock        |     1 |    13 |    42 |   100 ||   156
       Throwing net      |       |       |     2 |       ||     2
Invok: Heroism           |       |       |       |     1 ||     1
       Finesse           |       |       |       |     1 ||     1
Evoke: Wand              |     7 |       |     4 |     8 ||    19
  Use: Scroll            |     5 |       |     5 |    13 ||    23
       Potion            |       |       |     6 |    12 ||    18
 Stab: Sleeping          |       |     1 |     1 |       ||     2
       Distracted        |       |       |       |     1 ||     1
  Eat: Chunk             |     4 |     6 |    15 |    17 ||    42
       Pizza             |       |     1 |       |       ||     1
       Beef jerky        |       |       |     1 |     2 ||     3
       Fruit             |       |       |     5 |     6 ||    11
